 Seeded DCSS version 0.29-a0-380-gf50f0a9fbc (webtiles) character file.

Game seed: 13605594255664981076 (custom seed)

3358 thiscave3701365 the Cleaver (level 9, -5/112 HPs)
             Began as a Minotaur Berserker on May 5, 2022.
             Was a Priest of Trog.
             Slain by an orc warrior
             ... wielding a +0 dire flail
              (14 damage)
             ... on level 7 of the Dungeon.
             The game lasted 00:08:49 (11802 turns).

thiscave3701365 the Cleaver (Minotaur Berserker)   Turns: 11802, Time: 00:08:50

Health: -5/112     AC: 11    Str: 30    XL:     9   Next: 73%
Magic:  8/8        EV:  9    Int:  4    God:    Trog [***...]
Gold:   308        SH:  0    Dex:  9    Spells: 8/8 levels left

rFire   . . .      SeeInvis .   a - +0 hand axe
rCold   . . .      Faith    .   (no shield)
rNeg    . . .      Spirit   .   k - +0 chain mail "Fuibbaimp" {Str+3}
rPois   .          Reflect  .   (helmet restricted)
rElec   .          Harm     .   o - +0 cloak
rCorr   .          Rampage  .   (no gloves)
Will    .....                   (no boots)
Stlth   ..........              (no amulet)
HPRegen 0.28/turn               (no ring)
MPRegen 0.11/turn               (no ring)

@: berserking, lethally poisoned (-5 -> -10), slowed
A: horns 2, retaliatory headbutt
a: Renounce Religion, Berserk, Trog's Hand


You were on level 7 of the Dungeon.
You worshipped Trog.
Trog was most pleased with you.
You visited 1 branch of the dungeon, and saw 8 of its levels.
You also visited: Ossuary.

You collected 308 gold pieces.

Inventory:

Hand Weapons
 a - a +0 hand axe (weapon)
Missiles
 q - a throwing net
Armour
 k - the +0 chain mail "Fuibbaimp" (worn) {Str+3}
   (You found it on level 5 of the Dungeon)

   Str:       It affects your strength (+3).
 o - a +0 cloak (worn)
Jewellery
 p - a ring of protection from cold
Wands
 b - a wand of polymorph (4)
 g - a wand of charming (10)
 r - a wand of digging (3)
Scrolls
 h - a scroll of fog
 i - a scroll of poison
 v - a scroll of magic mapping {unknown}
Potions
 c - a potion of brilliance {unknown}
 d - 2 potions of heal wounds
 e - 3 potions of mutation
 f - 4 potions of haste
 j - a potion of flight
 l - a potion of might
 m - a potion of ambrosia
 n - a potion of magic
 t - 3 potions of curing {unknown}
 u - 2 potions of degeneration {unknown}
 w - 3 potions of lignification


   Skills:
 + Level 6.1 Fighting
 + Level 14.7 Axes
 + Level 5.1 Armour
 + Level 3.5 Dodging
 + Level 1.1 Stealth


You had 8 spell levels left.
You didn't know any spells.
Your spell library was empty.

Dungeon Overview and Level Annotations

Branches:
Dungeon (8/15)             Temple (0/1) D:4         Ossuary (visited)
   Lair: D:8-11

Altars:
Ashenzari
Cheibriados
Gozag
Makhleb
Nemelex Xobeh
Okawaru
Uskayaw

Shops:
D:6 !


Innate Abilities, Weirdness & Mutations

You have a pair of horns on your head.
You reflexively headbutt those who attack you in melee.


Message History

You have difficulty breathing.
You feel as though you will be slow longer.
You feel extremely sick.
The kobold brigand hits you with a +0 short sword.
The kobold brigand hits you but does no damage.
Unknown command.
You are too injured to fight recklessly!
You are too injured to fight recklessly!
Unknown command.
You are too injured to fight recklessly!
A red film seems to cover your vision as you go berserk!
You feel yourself moving faster!
You feel mighty!
You feel very sick.
The kobold brigand hits you but does no damage.
You slash the kobold brigand!
The kobold brigand is moderately wounded.
You barely miss the orc warrior.
You feel sick.
The kobold brigand hits you but does no damage.
The orc warrior hits you with a +0 dire flail!
* * * LOW HITPOINT WARNING * * *
You barely miss the kobold brigand.
The kobold brigand is moderately wounded.
You closely miss the orc warrior.
You feel sick.
You hit the kobold brigand but do no damage.
The kobold brigand is moderately wounded.
You hit the orc warrior but do no damage.
You feel sick. The orc warrior barely misses you. You furiously retaliate!
You headbutt the orc warrior!
The kobold brigand hits you with a +0 short sword.
* * * LOW HITPOINT WARNING * * *
You barely miss the kobold brigand.
The kobold brigand is moderately wounded.
You hit the orc warrior but do no damage.
You feel sick.
You closely miss the kobold brigand.
The kobold brigand is moderately wounded.
You hit the orc warrior.
You feel sick.
The kobold brigand hits you but does no damage.
The orc warrior hits you with a +0 dire flail!
You die...

#.... #.... #.... #...#
##....# #....# ........
...o.+ #.....# .....#
#....K####.....#.
#.....@o.#.......
#........).......
....#..$))........ # ...
#..).))....... # .
#...$[)....... #
####.....#.########+# #
##.....#.##.#######....#
#....).#..........+....#
####......#.)#......##....#


You could see an orc warrior and a kobold brigand.

Vanquished Creatures
  A cyclops (D:6)
  A hornet (D:6)
  A yak (D:7)
  A wyvern (D:7)
  A vampire mosquito (D:7)
  2 water moccasins (D:6)
  2 ice beasts
  2 black bears
  3 ogres
  3 phantoms
  2 elf zombies (Ossuary)
  2 necrophages (D:5)
  A kobold brigand (D:7)
  2 scorpions (D:6)
  A centaur zombie (Ossuary)
  A hound (D:5)
  A human zombie (Ossuary)
  2 orc priests (D:4)
  A jelly (D:6)
  2 gnoll shamans
  An iguana (D:3)
  5 orc wizards
  3 mummies
  17 gnolls
  9 adders
  A shadow imp (D:7)
  2 white imps (D:7)
  2 ufetubi
  An adder zombie (Ossuary)
  A worm (D:5)
  29 orcs
  4 endoplasms
  3 giant cockroaches
  8 goblins
  4 hobgoblins
  3 jackals (D:1)
  A quokka (D:4)
  10 ball pythons
  A bat (D:3)
  3 frilled lizards
  A goblin zombie (Ossuary)
  11 hobgoblin zombies (Ossuary)
  7 kobolds
  9 kobold zombies (Ossuary)
  6 orc zombies (Ossuary)
  7 rats
  4 rat zombies (Ossuary)
185 creatures vanquished.

Notes
Turn   | Place    | Note
-------+----------+-------------------------------------------
     0 | D:1      | thiscave3701365 the Minotaur Berserker began the quest for
                  | the Orb.
     0 | D:1      | Reached XP level 1. HP: 19/19 MP: 0/0
   334 | D:1      | Found a faded altar of an unknown god.
   394 | D:1      | Reached skill level 4 in Axes
   394 | D:1      | Reached XP level 2. HP: 27/27 MP: 1/1
  1085 | D:2      | Reached XP level 3. HP: 31/33 MP: 2/2
  1404 | D:2      | You fall into a shaft and drop 1 floor!
  1452 | D:2      | Reached XP level 4. HP: 41/41 MP: 3/3
  1503 | D:2      | Reached skill level 5 in Axes
  1760 | D:2      | Reached ** piety under Trog
  2742 | D:3      | Found a burning altar of Makhleb.
  2742 | D:3      | Found a hide-covered altar of Uskayaw.
  3237 | D:3      | Reached XP level 5. HP: 47/47 MP: 4/4
  4611 | D:4      | Noticed an ogre
  4616 | D:4      | Killed an ogre
  4617 | D:4      | Reached skill level 6 in Axes
  4617 | D:4      | Reached skill level 1 in Stealth
  4617 | D:4      | Reached XP level 6. HP: 53/53 MP: 5/5
  4985 | D:4      | Found an opulent altar of Gozag.
  4985 | D:4      | Found a sparkling altar of Nemelex Xobeh.
  5034 | D:4      | Found a staircase to the Ecumenical Temple.
  5220 | D:4      | Found an iron altar of Okawaru.
  5501 | D:4      | Found a snail-covered altar of Cheibriados.
  5730 | D:4      | Reached skill level 7 in Axes
  5961 | D:5      | Entered Level 5 of the Dungeon
  6099 | D:5      | Noticed an ice beast
  6109 | D:5      | Reached skill level 8 in Axes
  6109 | D:5      | Reached XP level 7. HP: 60/60 MP: 6/6
  6128 | D:5      | HP: 2/60 [ice beast (5)]
  6444 | D:5      | Reached skill level 9 in Axes
  7561 | D:5      | Reached skill level 10 in Axes
  7597 | D:5      | Reached XP level 8. HP: 59/67 MP: 7/7
  7655 | D:5      | Found a broken altar of Ashenzari.
  7842 | D:5      | Reached skill level 11 in Axes
  8345 | D:5      | Identified the +0 chain mail "Fuibbaimp" {Str+3}
  8416 | D:6      | Noticed a hornet
  8422 | D:6      | Killed a hornet
  8765 | D:6      | Found Yssic's Distillery.
  8833 | D:6      | Reached skill level 12 in Axes
 10067 | D:6      | Noticed a cyclops
 10074 | D:6      | Killed a cyclops
 10075 | D:6      | Reached skill level 13 in Axes
 10075 | D:6      | Reached XP level 9. HP: 71/72 MP: 8/8
 10522 | D:6      | Reached skill level 14 in Axes
 10833 | D:7      | Found a sand-covered staircase.
 10841 | Ossuary  | Entered an ossuary
 10920 | Ossuary  | Reached skill level 5 in Fighting
 10935 | Ossuary  | Reached *** piety under Trog
 11171 | D:7      | HP: 2/75 [orc warrior/+0 dire flail (8)]
 11749 | D:7      | Reached skill level 5 in Armour
 11802 | D:7      | Slain by an orc warrior

Illustrated notes

Levels and vault maps discovered:
D:1:      wander_arrival_lonely_grave, layout_basic,
          ebering_ecumenical_altar_rust
D:2:      layout_basic, minmay_misc_feat_tower, grunt_decor_mini_mirrors
D:3:      layout_basic, mainiacjoe_overflow_divided_tiny
D:4:      layout_loops_ring, grunt_temple_overflow_opulence,
          general_overflow_altar, mainiacjoe_overflow_24_doors, temple_doors_ab
D:5:      layout_basic, mainiacjoe_overflow_paths
D:6:      layout_basic, serial_shops, nicolae_shop_behind_doors,
          minmay_increasing_density
D:7:      layout_basic, nicolae_ossuary_entry_giza, minmay_manual_mess
D:8:      layout_rooms, lair_entry_dummy, serial_co_window_serial,
          co_window_corner_a, co_window_corner_a, co_window_paths_a,
          co_window_paths_b, co_window_corner_a, co_window_of_opportunity_c,
          co_window_corner_b, co_window_corner_cb, co_window_of_opportunity_b,
          co_window_broadway_c, glass_columns_b, uniq_grum, uniq_amaemon

Skill      XL: |  1  2  3  4  5  6  7  8  9 |
---------------+----------------------------+-----
Axes           | 4 5 6 8 10 13 14 | 14.7
Fighting       | 4 6 |  6.1
Dodging        | 3 |  3.5
Armour         | 3 5 |  5.1
Stealth        | 1 |  1.1

Action                   |  1- 3 |  4- 6 |  7- 9 || total
-------------------------+-------+-------+-------++-------
Melee: Hand axe          |    55 |   132 |   269 ||   456
       Headbutt          |     5 |    20 |    56 ||    81
       Punch             |     1 |     1 |     4 ||     6
Invok: Berserk           |     3 |     9 |    10 ||    22
  Use: Scroll            |       |    13 |     5 ||    18
       Potion            |       |       |     1 ||     1
Armor: Animal skin       |    10 |     3 |       ||    13
       Chain mail        |       |    49 |   132 ||   181
Dodge: Dodged            |    31 |    51 |    87 ||   169

Table legend: (Time is in decaauts)
 A = Elapsed time spent in this place.
 B = Non-inter-level travel time spent in this place.
 C = Inter-level travel time spent in this place.
 D = Time resting spent in this place.
 E = Time spent auto-exploring this place.
 F = Levels seen in this place.
 G = Mean time per level.
                   A        B        C        D        E       F      G
               +--------+--------+--------+--------+--------+-----+--------+
         Total |  11923 |  11703 |    220 |   6216 |   4490 |   9 | 1324.8 |
       Dungeon |  11710 |  11490 |    220 |   6216 |   4365 |   8 | 1463.8 |
       Ossuary |    212 |    212 |      0 |      0 |    125 |   1 |  212.0 |
               +--------+--------+--------+--------+--------+-----+--------+

Top non-repeatable levels by time:
     D:5: 2448 daAuts
     D:6: 2398 daAuts
     D:3: 2250 daAuts
     D:4: 1648 daAuts
     D:2: 1255 daAuts
     D:1: 920 daAuts
     D:8: 559 daAuts
     D:7: 229 daAuts
 Ossuary: 212 daAuts
